 Dungeon Crawl Stone Soup version 0.30-a0-702-gdf48620a09 (webtiles) character file.

Game seed: 16277648066629631837

30242 wormed the Covert (level 13, 0/101 HPs)
             Began as a Demonspawn Fire Elementalist on Jan 21, 2023.
             Was a Priest of Vehumet.
             Slain by a wolf (4 damage)
             ... while petrified by a basilisk
             ... on level 5 of the Lair of Beasts.
             The game lasted 00:37:55 (20797 turns).

wormed the Covert (Demonspawn Fire Elementalist)   Turns: 20797, Time: 00:37:56

Health: 0/101      AC:  9    Str:  9    XL:     13   Next: 19%
Magic:  35/35      EV:  2    Int: 21    God:    Vehumet [***...]
Gold:   730        SH:  0    Dex: 14    Spells: 21/30 levels left

rFire   + . .      SeeInvis +    q - +4 short sword
rCold   x . .      Faith    .    (no shield)
rNeg    + + +      Spirit   .    y - +0 steam dragon scales
rPois   ∞          Reflect  .    (helmet unavailable)
rElec   .          Harm     .    (no cloak)
rCorr   .          Rampage  .    (no gloves)
Will    .....                    c - +0 pair of boots
Stlth   ++++                     (no amulet)
HPRegen 0.36/turn                l - ring of fire
MPRegen 0.24/turn                x - ring of magical power

@: petrified, studying Ranged Weapons
A: antennae 3, yellow scales 2, demonic guardian 1, powered by death 1,
augmentation 1
a: Renounce Religion


You were on level 5 of the Lair of Beasts.
You worshipped Vehumet.
Vehumet was most pleased with you.
You visited 3 branches of the dungeon, and saw 15 of its levels.

You collected 730 gold pieces.

Inventory:

Hand Weapons
 g - a +0 dagger
 q - a +4 short sword (weapon)
Missiles
 E - a throwing net
Armour
 a - a +0 robe
 c - a +0 pair of boots (worn)
 d - a +1 leather armour
 y - +0 steam dragon scales (worn)
Magical Staves
 v - a staff of air
Jewellery
 i - an amulet of guardian spirit
 l - a ring of fire (left hand)
 r - the ring "Ziece Rosuj" {Will+++ Str+6 Int-2 Dex-2 SInv}
   (You found it on level 6 of the Dungeon)

   [ring of strength]

   Str:       It affects your strength (+6).
   Int:       It affects your intelligence (-2).
   Dex:       It affects your dexterity (-2).
   SInv:      It lets you see invisible.
   Will:      It greatly increases your willpower.
 t - a +4 ring of protection
 x - a ring of magical power (right hand)
 C - a ring of wizardry
 H - a ring of poison resistance
 L - an amulet of faith
Wands
 b - a wand of flame (48) (quivered)
 k - a wand of iceblast (10)
 s - a wand of paralysis (4)
Scrolls
 f - 10 scrolls of teleportation
 n - 4 scrolls of immolation
 o - 4 scrolls of enchant armour
 p - 2 scrolls of poison
 D - a scroll of enchant weapon
 G - 2 scrolls of identify
Potions
 e - 3 potions of might
 h - 2 potions of haste
 j - 2 potions of attraction
 u - a potion of cancellation
 w - 4 potions of mutation
 z - a potion of flight
 A - 4 potions of brilliance
 B - a potion of lignification
 F - a potion of berserk rage
 K - 5 potions of curing


   Skills:
 + Level 9.3 Fighting
 + Level 8.8 Dodging
 + Level 9.6 Stealth
 + Level 9.0 Spellcasting
 + Level 9.4 Conjurations
 + Level 9.1 Fire Magic


You had 21 spell levels left.
You knew the following spells:

 Your Spells              Type           Power      Damage    Failure   Level
a - Foxfire               Conj/Fire      100%       2x1d9     1%          1
b - Scorch                Fire           100%       2d10      1%          2
c - Inner Flame           Hex/Fire       42%        N/A       1%          3
d - Stone Arrow           Conj/Erth      58%        3d10      1%          3

Your spell library contained the following spells:

 Spells                   Type           Power      Damage    Failure   Level
 Frozen Ramparts          Ice            18%        1d3       6%          3
 Sandblast                Erth           18%        2d7       1%          1
 Kindle Blastsparks       Fire/Tloc/Air  66%        2d15      1%          3
 Flame Wave               Conj/Fire      64%        2d15      1%          4
 Iskenderun's Battlesphe  Conj           49%        2d10      1%          5
 Slow                     Hex            36%        N/A       7%          1
 Summon Small Mammal      Summ           36%        N/A       7%          1
 Passwall                 Tmut/Erth      7%         N/A       11%         2
 Confusing Touch          Hex            9%         N/A       22%         3
 Gell's Gravitas          Tloc           9%         N/A       22%         3
 Portal Projectile        Hex/Tloc       18%        N/A       22%         3
 Teleport Other           Tloc           9%         N/A       22%         3
 Tukima's Dance           Hex            9%         N/A       22%         3
 Vampiric Draining        Necr           9%         2d6       22%         3
 Iron Shot                Conj/Erth      14%        9d4       36%         6
 Summon Lightning Spire   Summ/Air       9%         N/A       56%         4
 Spellforged Servitor     Conj/Summ      14%        N/A       88%         7
 Blade Hands              Tmut           4%         N/A       89%         5
 Dispersal                Tloc           4%         N/A       100%        6
 Summon Cactus Giant      Summ           4%         N/A       100%        6
 Malign Gateway           Summ/Tloc      4%         N/A       100%        7
 Storm Form               Tmut/Air       4%         N/A       100%        7
 Maxwell's Capacitive Co  Air            4%         ∞         100%        8
 Summon Horrible Things   Summ           4%         N/A       100%        8


Dungeon Overview and Level Annotations

Branches:
Dungeon (9/15)             Temple (1/1) D:5            Lair (5/5) D:9
 Shoals (0/4) Lair:3       Spider (0/4) Lair:2
  Slime: Lair:4-5       Orc: D:9-12

Altars:
Ashenzari
Cheibriados
Dithmenos
Fedhas
Gozag
Hepliaklqana
Kikubaaqudgha
Makhleb
Nemelex Xobeh
Okawaru
Qazlal
Ru
Sif Muna
Trog
Uskayaw
Vehumet
Wu Jian
Xom
Yredelemnul

Shops:
D:3 :   D:4 !   D:6 (   D:7 [

Annotations:
Lair:3 1 runed translucent door, wormed's ghost, novice FeCK
Lair:5 Kirke; Rupert


Innate Abilities, Weirdness & Mutations

You have a pair of large antennae on your head. (SInv)
You are mostly covered in yellow scales. (AC +3)
A weak demonic guardian rushes to your aid.
You regenerate a little health from kills.
Your magical and physical power is slightly enhanced at high health.


Message History

* * * LOW HITPOINT WARNING * * *
The hog bites you but does no damage.
The blink frog blinks!
The wolf bites you.
* * * LOW HITPOINT WARNING * * *
The hog bites you but does no damage. The wolf bites you but does no damage.
The hog bites you.
* * * LOW HITPOINT WARNING * * *
The hog bites you.
* * * LOW HITPOINT WARNING * * *
The elephant tramples you!
* * * LOW HITPOINT WARNING * * *
A demonic guardian appears!
You hold your ground!
The elephant trunk-slaps you but does no damage.
Kirke gestures wildly while chanting.
Kirke summons a lindwurm!
The elephant tramples you but does no damage.
The elephant trunk-slaps you but does no damage.
The elephant tramples you.
* * * LOW HITPOINT WARNING * * *
You hold your ground!
The elephant barely misses you. The elephant tramples you.
* * * LOW HITPOINT WARNING * * *
You hold your ground!
The elephant completely misses you. The hog bites you.
* * * LOW HITPOINT WARNING * * *
The wolf bites you but does no damage. The hog completely misses you.
The hog bites you!
* * * LOW HITPOINT WARNING * * *
The elephant tramples you.
* * * LOW HITPOINT WARNING * * *
You hold your ground!
The elephant trunk-slaps you but does no damage.
Rupert says, "My Mum always said: 'Kill them all.'" The elephant tramples you.
You hold your ground!
The elephant trunk-slaps you but does no damage.
The elephant completely misses you.
The elephant trunk-slaps you but does no damage.
The hog bites you.
* * * LOW HITPOINT WARNING * * *
The wolf bites you!
You die...

.#.............
..#............
#......#......
#.............
.#...F....... .
#.....hlJYJ#...
#....lhYhYY....
...kYY@@YYY....
.....hhYhY.....
.....FSJ.5.....
..#............
...#........@..
.. #.....##...#
. #....## ###.
P....#


You could see Rupert, Kirke, 6 elephants, a lindwurm (summoned), a komodo
dragon, 5 yaks, a basilisk, 5 hogs, 2 blink frogs, a water moccasin, a wolf, a
jelly, 2 endoplasms and a friendly white imp (summoned).

Vanquished Creatures
  2 hydras
  A death yak (Lair:4)
  A lindwurm (Lair:5)
  10 elephants
  5 black mambas
  6 cane toads
  A rime drake (Lair:3)
  6 komodo dragons
  3 polar bears
  2 hornets (D:7)
  25 blink frogs
  6 dream sheep (Lair:3)
  A shadow (D:9)
  4 culicivoras (Lair:2)
  A wraith (D:9)
  18 yaks
  A hog (Lair:4)
  4 wyverns
  4 basilisks
  A steam dragon (D:9)
  Menkaure (D:4)
  19 water moccasins
  2 orc warriors (D:9)
  10 ice beasts
  3 sky beasts
  4 black bears
  8 wolves
  3 centaurs (D:8)
  3 phantoms
  5 scorpions
  5 bullfrogs
  4 necrophages
  2 gnoll sergeants (D:9)
  7 wights
  7 killer bees
  A lava snake (D:9)
  4 jellies
  2 hounds (D:6)
  4 orc priests
  3 iguanas
  14 orc wizards
  10 gnolls
  9 adders
  A shadow imp (D:7)
  2 ufetubi (D:6)
  3 worms
  2 dart slugs
  35 orcs
  7 ball pythons
  3 endoplasms (D:1)
  3 giant cockroaches
  9 hobgoblins
  2 jackals (D:5)
  6 quokkas
  3 bats
  7 frilled lizards
  12 goblins
  A goblin zombie (D:7)
  6 kobolds
  A quokka zombie (D:7)
  3 rats
338 creatures vanquished.

Vanquished Creatures (collateral kills)
  An elephant (Lair:4)
  4 foxfires
5 creatures vanquished.

Vanquished Creatures (others)
  624 foxfires
  33 fungi
  41 plants
  2 withered plants (Lair:3)
700 creatures vanquished.

Grand Total: 1043 creatures vanquished

Notes
Turn   | Place    | Note
-------+----------+-------------------------------------------
     0 | D:1      | wormed the Demonspawn Fire Elementalist began the quest for
                  | the Orb.
     0 | D:1      | Reached XP level 1. HP: 13/13 MP: 3/3
   407 | D:1      | Gained mutation: You are partially covered in yellow
                  | scales. (AC +2) [demonic ancestry]
   407 | D:1      | Reached XP level 2. HP: 20/20 MP: 1/5
   942 | D:2      | Learned a level 2 spell: Scorch
  1158 | D:2      | Gained mutation: You have a pair of small antennae on your
                  | head. [demonic ancestry]
  1158 | D:2      | Reached XP level 3. HP: 25/25 MP: 1/6
  1310 | D:2      | Reached skill level 1 in Fighting
  2190 | D:3      | Gained mutation: You have a pair of antennae on your head.
                  | [demonic ancestry]
  2190 | D:3      | Reached XP level 4. HP: 32/32 MP: 2/7
  2241 | D:2      | Learned a level 3 spell: Inner Flame
  2289 | D:3      | Found Urufe's Book Emporium.
  2700 | D:3      | Gained mutation: You are mostly covered in yellow scales.
                  | (AC +3) [demonic ancestry]
  2700 | D:3      | Reached XP level 5. HP: 38/38 MP: 2/8
  3417 | D:4      | Noticed Menkaure
  3549 | D:4      | Killed Menkaure
  3550 | D:4      | Gained mutation: You have a pair of large antennae on your
                  | head. (SInv) [demonic ancestry]
  3550 | D:4      | Reached XP level 6. HP: 44/44 MP: 3/10
  4339 | D:4      | Gained mutation: You regenerate a little health from kills.
                  | [demonic ancestry]
  4339 | D:4      | Reached XP level 7. HP: 44/51 MP: 0/11
  4511 | D:4      | Found an opulent altar of Gozag.
  4653 | D:4      | Found Uguid's Distillery.
  4732 | D:4      | Found a bloodstained altar of Trog.
  4947 | D:5      | Entered Level 5 of the Dungeon
  5599 | D:5      | Reached XP level 8. HP: 48/58 MP: 0/13
  5829 | D:5      | Found a staircase to the Ecumenical Temple.
  5937 | Temple   | Entered the Ecumenical Temple
  6559 | D:6      | Found Neusucul's Antique Weapon Shoppe.
  7101 | D:6      | Reached skill level 5 in Fire Magic
  7369 | D:6      | Identified the ring "Ziece Rosuj" {Will+++ Str+6 Int-2
                  | Dex-2 SInv}
  7575 | D:6      | Reached skill level 5 in Stealth
  7575 | D:6      | Gained mutation: A weak demonic guardian rushes to your
                  | aid. [demonic ancestry]
  7575 | D:6      | Reached XP level 9. HP: 66/66 MP: 4/16
  7791 | D:6      | Reached skill level 5 in Conjurations
  7807 | D:6      | Reached skill level 5 in Spellcasting
  8025 | D:6      | Learned a level 4 spell: Flame Wave
  8506 | D:7      | Reached skill level 5 in Fighting
  8506 | D:7      | Reached skill level 5 in Dodging
  9482 | D:7      | Found a sacrificial altar of Ru.
  9483 | D:7      | Found a shimmering altar of Xom.
  9484 | D:7      | Found a stormy altar of Qazlal.
  9832 | D:7      | Found Ogirgh's Armour Emporium.
 10058 | D:8      | Reached XP level 10. HP: 57/76 MP: 0/18
 10541 | D:8      | Found a burning altar of Makhleb.
 10542 | D:8      | Found a hide-covered altar of Uskayaw.
 10544 | D:8      | Found a blossoming altar of Fedhas.
 10547 | D:8      | Found a broken altar of Ashenzari.
 10594 | D:8      | Found a basalt altar of Yredelemnul.
 10595 | D:8      | Found an iron altar of Okawaru.
 10596 | D:8      | Found a shadowy altar of Dithmenos.
 10597 | D:8      | Found a hazy altar of Hepliaklqana.
 10598 | D:8      | Found a sparkling altar of Nemelex Xobeh.
 10599 | D:8      | Found an ornate altar of the Wu Jian Council.
 10706 | D:8      | Found an ancient bone altar of Kikubaaqudgha.
 10732 | D:8      | Found a shimmering blue altar of Sif Muna.
 10882 | D:8      | Got Sif Muna's Vellum of Obsession
 10892 | D:8      | Found a radiant altar of Vehumet.
 10898 | D:8      | Became a worshipper of Vehumet
 11661 | D:9      | Noticed an elephant
 11677 | D:9      | Killed an elephant
 11819 | D:9      | Found a staircase to the Lair.
 12144 | D:9      | Reached * piety under Vehumet
 12144 | D:9      | Offered knowledge of Freeze by Vehumet.
 12253 | D:9      | Found a snail-covered altar of Cheibriados.
 12320 | D:9      | Learned a level 3 spell: Stone Arrow
 12702 | Lair:1   | Entered Level 1 of the Lair of Beasts
 12868 | Lair:1   | Reached XP level 11. HP: 58/83 MP: 14/21
 13439 | Lair:1   | Found an iron altar of Okawaru.
 14670 | Lair:2   | Found a hole to the Spider Nest.
 15089 | Lair:2   | Noticed a death yak
 15089 | Lair:2   | Noticed a death yak
 15089 | Lair:2   | Noticed a death yak
 15249 | Lair:2   | Noticed a death yak
 15261 | Lair:2   | Noticed a death yak
 15469 | Lair:2   | Noticed a five-headed hydra
 15479 | Lair:2   | Killed a five-headed hydra
 15749 | Lair:2   | Noticed a death yak
 16220 | Lair:3   | HP: 4/86 [cloud of flame (7)]
 16221 | Lair:3   | Gained mutation: Your magical and physical power is
                  | slightly enhanced at high health. [demonic ancestry]
 16221 | Lair:3   | Reached XP level 12. HP: 4/92 MP: 22/23
 16549 | Lair:2   | Reached ** piety under Vehumet
 16549 | Lair:2   | Offered knowledge of Static Discharge by Vehumet.
 17289 | Lair:3   | Offered knowledge of Poisonous Vapours by Vehumet.
 17560 | Lair:3   | Found a staircase to the Shoals.
 17967 | Lair:3   | Found a runed translucent door.
 17967 | Lair:3   | Noticed wormed's ghost (novice FeCK)
 19144 | Lair:4   | Reached *** piety under Vehumet
 19672 | Lair:5   | Entered Level 5 of the Lair of Beasts
 19802 | Lair:5   | Reached XP level 13. HP: 91/101 MP: 25/25
 20106 | Lair:5   | Noticed Kirke
 20358 | Lair:4   | Offered knowledge of Frozen Ramparts by Vehumet.
 20795 | Lair:5   | Noticed Rupert
 20797 | Lair:5   | HP: 5/101 [elephant (2)]
 20797 | Lair:5   | Slain by a wolf

Illustrated notes

Levels and vault maps discovered:
D:1:      minmay_arrival_split_and_join, layout_rooms,
          chequers_serial_rivers_room_a, kennysheep_boxes
D:2:      layout_basic
D:3:      layout_loops_ring, zin_treasury, serial_shops,
          nicolae_shop_hallway_stairs
D:4:      corexii_shack_village, layout_rooms, nicolae_overflow_crystal_walls,
          lemuel_coloured_pillars_altar, serial_shops, nicolae_square_shop,
          chequers_serial_rivers_micro_d, minivault_26, uniq_menkaure
D:5:      layout_cave_pods, minmay_temple_entry_glassed_door
D:6:      minmay_chambers_of_threes, layout_rooms, serial_shops,
          nicolae_shop_hallway_plus, kennysheep_generic_room_11
D:7:      layout_layer_cave, gammafunk_temple_overflow_forgotten, serial_shops,
          nicolae_shop_competitors_out_of_business, enter_ossuary_4
D:8:      layout_cave_pools, palyth_temple_overflow_mages, minitemple
D:9:      layout_loops_corners, lemuel_doored_altar, david_lair_generic,
          nicolae_lava_and_water
Temple:   ebering_the_none_and_only
Lair:1:   layout_layer_cave, basic_altar, chequers_serial_rivers_small_a
Lair:2:   layout_roguey, spider_nest_entry_funnel_web, ice2_lemuel,
          grunt_megastairs_4, uniq_urug
Lair:3:   layout_roguey, shoals_dummy_entry, gammafunk_ghost_grave, st_stairs_4,
          eino_small_chamber_without_monster, cheibrodos_lair_reptile_den
Lair:4:   layout_cave_pods, serial_bayou_crossing, infiniplex_staircase_pool_2,
          lemuel_fruit_tree
Lair:5:   grunt_lair_end_beastmaster, layout_regular_city,
          nicolae_slime_entry_slimehenge, uniq_rupert, uniq_kirke

Skill      XL: |  1  2  3  4  5  6  7  8  9 10 11 12 13 |
---------------+----------------------------------------+-----
Dodging        | 2 3 4 5 6 7 8 |  8.8
Stealth        | 2 3 4 5 6 7 8 9 |  9.6
Fire Magic     | 3 4 5 6 7 8 9 |  9.1
Fighting       | 1 2 3 4 5 6 8 9 |  9.3
Conjurations   | 2 3 4 5 6 8 9 |  9.4
Spellcasting   | 3 4 5 6 7 8 9 |  9.0

Action                   |  1- 3 |  4- 6 |  7- 9 | 10-12 | 13-15 || total
-------------------------+-------+-------+-------+-------+-------++-------
Melee: Dagger            |     4 |    49 |       |       |       ||    53
       Punch             |       |     1 |     2 |       |       ||     3
       Short sword       |       |    16 |    27 |     5 |       ||    48
 Cast: Foxfire           |    33 |    34 |    83 |   200 |    14 ||   364
       Scorch            |    21 |    41 |    37 |    90 |    22 ||   211
       Inner Flame       |       |     4 |    53 |   155 |    15 ||   227
       Stone Arrow       |       |       |       |     3 |       ||     3
       Flame Wave        |       |       |       |     3 |       ||     3
Evoke: Wand              |       |       |    12 |       |       ||    12
  Use: Scroll            |     3 |       |     9 |    12 |     2 ||    26
       Potion            |       |     1 |     2 |     1 |       ||     4
Armor: Leather armour    |     3 |    29 |    42 |     8 |       ||    82
       Steam dragon scal |       |       |       |    28 |    39 ||    67
Dodge: Dodged            |     7 |    38 |    51 |   120 |    46 ||   262

Table legend: (Time is in decaauts)
 A = Elapsed time spent in this place.
 B = Non-inter-level travel time spent in this place.
 C = Inter-level travel time spent in this place.
 D = Time resting spent in this place.
 E = Time spent auto-exploring this place.
 F = Levels seen in this place.
 G = Mean time per level.
                   A        B        C        D        E       F      G
               +--------+--------+--------+--------+--------+-----+--------+
         Total |  20856 |  19740 |   1116 |    391 |  16446 |  15 | 1390.4 |
       Dungeon |  12789 |  12330 |    459 |     82 |  10516 |   9 | 1421.0 |
        Temple |      1 |      1 |      0 |      0 |      0 |   1 |    1.0 |
          Lair |   8065 |   7408 |    657 |    309 |   5930 |   5 | 1613.0 |
               +--------+--------+--------+--------+--------+-----+--------+

Top non-repeatable levels by time:
  Lair:4: 2378 daAuts
     D:7: 2154 daAuts
  Lair:1: 2102 daAuts
  Lair:2: 2054 daAuts
     D:5: 1658 daAuts
     D:4: 1626 daAuts
     D:6: 1514 daAuts
     D:9: 1505 daAuts
  Lair:3: 1396 daAuts
     D:2: 1268 daAuts
     D:3: 1136 daAuts
     D:8: 1012 daAuts
     D:1: 914 daAuts
  Lair:5: 133 daAuts
  Temple: 1 daAuts
